 Seeded DCSS version 0.30.1-9-gdf580d7c3d (webtiles) character file.

Game seed: 7547814903460644772 (custom seed)

30 Psyclone the Stinger (level 3, -2/21 HPs)
             Began as an Octopode Venom Mage on Sept 27, 2023.
             Killed from afar by Natasha (5 damage)
             ... with a magic dart
             ... on level 3 of the Dungeon.
             The game lasted 00:05:36 (979 turns).

Psyclone the Stinger (Octopode Venom Mage)           Turns: 979, Time: 00:05:37

Health: -2/21      AC:  1    Str:  7    XL:     3   Next: 20%
Magic:  6/6        EV: 13    Int: 19    God:
Gold:   30         SH:  0    Dex: 12    Spells: 3/6 levels left

rFire   . . .        c - +4 dagger
rCold   . . .        (no shield)
rNeg    . . .        (helmet restricted)
rPois   .            (no amulet)
rElec   .            (no ring)
rCorr   .            (no ring)
SInv    .            (no ring)
Will    .....        (no ring)
Stlth   +++          (no ring)
HPRegen 0.23/turn    (no ring)
MPRegen 0.10/turn    (no ring)
                     (no ring)

%: no passive effects
@: no status effects
A: almost no armour, amphibious, 8 rings, camouflage 1, gelatinous body 1,
(nimble swimmer 1), tentacles
a: no special abilities


You were on level 3 of the Dungeon.
You visited 1 branch of the dungeon, and saw 5 of its levels.

You collected 30 gold pieces.

Inventory:

Hand Weapons
 c - a +4 dagger (weapon)
Scrolls
 e - a scroll of magic mapping {unknown}
 h - a scroll of identify {unknown}
 i - a scroll of enchant weapon {unknown}
Potions
 a - a potion of magic
 b - 2 potions of experience {unknown}
 d - a potion of might {unknown}
 f - a potion of cancellation {unknown}
 g - a potion of haste {unknown}


   Skills:
 - Level 2.0 Dodging
 - Level 2.6 Stealth
 - Level 2.0 Spellcasting
 - Level 1.0 Transmutations
 + Level 5.1 Poison Magic


You had 3 spell levels left.
You knew the following spells:

 Your Spells              Type           Power      Damage    Failure   Level
a - Poisonous Vapours     Pois/Air       22%        N/A       9%          2
v - Sting                 Tmut/Pois      52%        1d5       4%          1

Your spell library contained the following spells:

 Spells                   Type           Power      Damage    Failure   Level
 Mephitic Cloud           Conj/Pois/Air  8%         N/A       26%         3
 Inner Flame              Hex/Fire       1%         N/A       45%         3
 Olgreb's Toxic Radiance  Pois           21%        N/A       21%         4
 Yara's Violent Unravell  Hex/Tmut       1%         3d3       98%         5
 Enfeeble                 Hex            0%         N/A       100%        7


Dungeon Overview and Level Annotations

Branches:
Dungeon (5/15) Zot: 26850
 Temple: D:4-7

Altars:
Makhleb
Zin

Annotations:
D:3 Natasha
D:4 exclusion: downstairs


Innate Abilities, Weirdness & Mutations

You cannot wear most types of armour.
You are amphibious.
You can wear up to eight rings at the same time.
Your skin changes colour to match your surroundings (Stealth+).
Your rubbery body absorbs attacks. (AC +1, EV +1)
((You are camouflaged when in or above water. (Stealth+)))
You have tentacles for arms and can constrict up to eight enemies at once.


Message History

You see here an adder corpse.
You see here an adder corpse.
MP restored: 6
Found a burning altar of Makhleb.
Found a glowing silver altar of Zin.
An ogre comes into view. It is wielding a +0 giant spiked club.
You open the door.
There is an open door here.
You hear the slow rusting of a drain nearby.
You see here an adder corpse.
You see here an adder corpse.
There is an escape hatch in the ceiling here.
A mysterious force pulls you upwards. The hatch slams shut behind you.
Found a book of Misfortune.
You pick up a book of Misfortune and begin reading...
You add the spells Inner Flame, Yara's Violent Unravelling and Enfeeble to your library.
Natasha, Servant of Life and Death comes into view.
Natasha attacks as you move away! Natasha closely misses you.
Natasha wildly gestures.
Natasha's front paws start to glow.
Natasha barely misses you.
Natasha howls an incantation.
Natasha glows brightly for a moment.
Natasha casts a spell at you. You resist with significant effort.
Natasha casts a spell at you. The magic dart hits you.
You take 5 damage, and have 16/21 hp.
MASSIVE DAMAGE!!
Natasha casts a spell at you. The magic dart hits you!
Ouch! That really hurt!
* * * LOW HITPOINT WARNING * * *
You take 11 damage, and have 6/21 hp.
MASSIVE DAMAGE!!
Natasha stares at you and mumbles some strange words.
The magic dart hits you.
* * * LOW HITPOINT WARNING * * *
You take 4 damage, and have 3/21 hp.
Natasha casts a spell at you. The magic dart hits you.
You die...

#....# ...# #...##
#...# #..###.# #...#
#.†....# #...#
##.##########...#####
#.#####.............
#...................
#..####.>..>........
#..# ######@..####
....# #...# #.#..#
#...# #.#..# #...# .
...# #...# .. ...#
##.## #h# ##.#####
#......#


You could see Natasha.

Vanquished Creatures
  An adder (D:4)
  A worm (D:3)
  A ball python (D:1)
  3 bats (D:1)
  An endoplasm (D:1)
  3 hobgoblins (D:1)
  A frilled lizard (D:1)
  3 goblins (D:1)
  2 kobolds (D:1)
  2 rats (D:1)
18 creatures vanquished.

Notes
Turn   | Place    | Note
-------+----------+-------------------------------------------
     0 | D:1      | Psyclone the Octopode Venom Mage began the quest for the
                  | Orb.
     0 | D:1      | Reached XP level 1. HP: 11/11 MP: 3/3
   140 | D:1      | Reached skill level 4 in Poison Magic
   186 | D:1      | Reached XP level 2. HP: 17/17 MP: 0/5
   223 | D:1      | Learned a level 2 spell: Poisonous Vapours
   452 | D:1      | Found a faded altar of an unknown god.
   830 | D:5      | Entered Level 5 of the Dungeon
   830 | D:5      | Noticed a scorpion
   853 | D:4      | Reached skill level 5 in Poison Magic
   853 | D:4      | Reached XP level 3. HP: 16/21 MP: 1/6
   897 | D:4      | Found a burning altar of Makhleb.
   899 | D:4      | Found a glowing silver altar of Zin.
   899 | D:4      | Noticed a balrug
   899 | D:4      | Noticed an angel
   909 | D:4      | Noticed an ogre
   958 | D:3      | Noticed Natasha
   979 | D:3      | Killed from afar by Natasha

Illustrated notes

Levels and vault maps discovered:
D:1:      lordsloth_arrival_two_stooges, layout_basic,
          chequers_ecumenical_altar_simple
D:2:      layout_loops_ring, uniq_jessica
D:3:      layout_loops_cross, ashenzari_conservatory_becter,
          nzn_wu_jian_council_hall, chequers_serial_rivers_room_a,
          grunt_decor_cap, hangedman_abyss_or_decor_lesser_grid,
          hangedman_decor_peaks_small, minmay_gold_behind_fungi, uniq_natasha,
          uniq_crazy_yiuf_cottage
D:4:      layout_loops_ring, grunt_temple_overflow_order_and_chaos_2,
          yredelemnul_altar_generic, nemelex_dance_club_becter,
          gup_sewer_entry_bubbles
D:5:      layout_loops_ring, grunt_temple_overflow_growth_and_decay,
          nicolae_overflow_quartered_altars, doesnt_shop_hydraphobe

Skill      XL: |  1  2 |
---------------+-------+-----
Poison Magic   | 4 5 |  5.1
Dodging        | |  2.0
Stealth        | |  2.6
Spellcasting   | |  2.0
Transmutations | |  1.0

Action                     || total
---------------------------++-------
  Melee: Unarmed           ||     7
         Tentacles         ||     6
         Constrict         ||     5
         Dagger            ||    19
   Cast: Sting             ||    12
         Poisonous Vapours ||     7
   Stab: Sleeping          ||     1
 Armour: Skin              ||     2
  Dodge: Dodged            ||    24
